| TOP OF THE 1ST |
|
Kinston Eagles batting - Pitching for Lynchburg Hillcats : RHP Dave Szymczak
|
|
Pitching: RHP Dave Szymczak
|
|
|
Batting: SHB Ted Wilborn
|
0-0: Called Strike 0-1: Swinging Strike 0-2: SINGLE (Groundball, 6S, EV 74.4 MPH) (infield hit)
|
|
Batting: RHB Guadalupe Garcia
|
0-0: Called Strike Ted Wilborn is caught stealing 2nd base 2-4 0-1: Ball 1-1: Ground out 4-3 (Groundball, 4, EV 83.1 MPH)
|
|
Batting: RHB Carlos Ponce
|
0-0: Called Strike 0-1: Ball 1-1: Ball 2-1: Ball 3-1: Base on Balls
|
|
Batting: RHB Tony Incaviglia
|
0-0: Called Strike 0-1: Ball 1-1: Foul Ball, location: 2F 1-2: Strikes out swinging
|
| Top of the 1st over - 0 runs, 1 hit, 0 errors, 1 left on base; Kinston 0 - Lynchburg 0 |
| BOTTOM OF THE 1ST |
|
Lynchburg Hillcats batting - Pitching for Kinston Eagles : RHP Reno Aragon
|
|
Pitching: RHP Reno Aragon
|
|
|
Batting: RHB Ronald Lee
|
0-0: Ball 1-0: Foul Ball, location: 2F 1-1: Ball 2-1: Ball 3-1: Base on Balls
|
|
Batting: RHB Russ Quetti
|
0-0: Called Strike 0-1: Ball 1-1: Ball 2-1: Foul Ball, location: 2F 2-2: Grounds into double play, 6-4-3 (Groundball, 6, EV 85.6 MPH)
|
|
Batting: RHB William Lajoie
|
0-0: Ball 1-0: Fly out, F4 (Popup, 34D, EV 75.6 MPH)
|
| Bottom of the 1st over - 0 runs, 0 hits, 0 errors, 0 left on base; Kinston 0 - Lynchburg 0 |
| TOP OF THE 2ND |
|
Kinston Eagles batting - Pitching for Lynchburg Hillcats : RHP Dave Szymczak
|
|
Batting: RHB Elias Corona
|
0-0: Called Strike 0-1: Ball 1-1: Ground out 3-1 (Groundball, 34, EV 87.5 MPH)
|
|
Batting: RHB Juan Perez
|
0-0: Called Strike 0-1: Ground out 6-3 (Groundball, 6, EV 86.3 MPH)
|
|
Batting: RHB Burt Milley
|
0-0: Ground out U3 (Groundball, 34S, EV 85.0 MPH)
|
| Top of the 2nd over - 0 runs, 0 hits, 0 errors, 0 left on base; Kinston 0 - Lynchburg 0 |
| BOTTOM OF THE 2ND |
|
Lynchburg Hillcats batting - Pitching for Kinston Eagles : RHP Reno Aragon
|
|
Batting: RHB Richard Witt
|
0-0: Ball 1-0: Swinging Strike 1-1: Foul Ball, location: 2F 1-2: SINGLE (Groundball, 56D, EV 95.0 MPH)
|
|
Batting: RHB Kenneth Tillman
|
0-0: Called Strike 0-1: Foul Ball, location: 2F 0-2: Ball 1-2: DOUBLE (Line Drive, 7LS, EV 106.3 MPH) Richard Witt to third
|
|
Batting: RHB Curtis Cannedy
|
0-0: Ball 1-0: Ball 2-0: Called Strike 2-1: Ball 3-1: Called Strike 3-2: Foul Ball, location: 2F 3-2: Base on Balls
|
|
Batting: RHB Frederic Wade
|
0-0: Foul Ball, location: 2F 0-1: Hit by Pitch Richard Witt scores Kenneth Tillman to third Curtis Cannedy to second
|
|
Batting: LHB Eb MacDonald
|
0-0: Ball 1-0: Ball 2-0: Fielders Choice at 2nd, 6-4 (Groundball, 6D, EV 91.9 MPH) Kenneth Tillman scores Curtis Cannedy to third
|
|
Batting: RHB Felix Estrada
|
0-0: Hit by Pitch Eb MacDonald to second
|
|
Batting: RHB Ronald Lee
|
0-0: Foul Ball, location: 2F 0-1: Foul Ball, location: 2F 0-2: Grounds into double play, 3-6-3 (Groundball, 34, EV 106.9 MPH)
|
| Bottom of the 2nd over - 2 runs, 2 hits, 0 errors, 2 left on base; Kinston 0 - Lynchburg 2 |
| TOP OF THE 3RD |
|
Kinston Eagles batting - Pitching for Lynchburg Hillcats : RHP Dave Szymczak
|
|
Batting: RHB Rodney Hudson
|
0-0: Called Strike 0-1: Fly out, F8 (Flyball, 89D, EV 94.4 MPH)
|
|
Batting: LHB Randall Curtis
|
0-0: Ball 1-0: Ground out 5-3 (Groundball, 56S, EV 80.6 MPH)
|
|
Batting: SHB Ted Wilborn
|
0-0: Called Strike 0-1: Called Strike 0-2: Ball 1-2: Ball 2-2: Ball 3-2: Base on Balls
|
|
Batting: RHB Guadalupe Garcia
|
0-0: Called Strike Ted Wilborn is caught stealing 2nd base 2-4
|
| Top of the 3rd over - 0 runs, 0 hits, 0 errors, 0 left on base; Kinston 0 - Lynchburg 2 |
| BOTTOM OF THE 3RD |
|
Lynchburg Hillcats batting - Pitching for Kinston Eagles : RHP Reno Aragon
|
|
Batting: RHB Russ Quetti
|
0-0: Ground out 6-3 (Groundball, 6D, EV 105.6 MPH)
|
|
Batting: RHB William Lajoie
|
0-0: Called Strike 0-1: Ball 1-1: Fly out, F8 (Flyball, 8LD, EV 77.5 MPH)
|
|
Batting: RHB Richard Witt
|
0-0: Ball 1-0: Fly out, F7 (Flyball, 78D, EV 102.5 MPH)
|
| Bottom of the 3rd over - 0 runs, 0 hits, 0 errors, 0 left on base; Kinston 0 - Lynchburg 2 |
| TOP OF THE 4TH |
|
Kinston Eagles batting - Pitching for Lynchburg Hillcats : RHP Dave Szymczak
|
|
Batting: RHB Guadalupe Garcia
|
0-0: Called Strike 0-1: Ball 1-1: Ball 2-1: Called Strike 2-2: Ball 3-2: Foul Ball, location: 2F 3-2: Foul Ball, location: 2F 3-2: Base on Balls
|
|
Batting: RHB Carlos Ponce
|
0-0: Called Strike 0-1: Called Strike 0-2: Ball 1-2: Ball 2-2: Foul Ball, location: 2F 2-2: Ball 3-2: Grounds into double play, 6-4-3 (Groundball, 6, EV 86.3 MPH)
|
|
Batting: RHB Tony Incaviglia
|
0-0: Ball 1-0: Fly out, F7 (Flyball, 7S, EV 92.5 MPH)
|
| Top of the 4th over - 0 runs, 0 hits, 0 errors, 0 left on base; Kinston 0 - Lynchburg 2 |
| BOTTOM OF THE 4TH |
|
Lynchburg Hillcats batting - Pitching for Kinston Eagles : RHP Reno Aragon
|
|
Batting: RHB Kenneth Tillman
|
0-0: Swinging Strike 0-1: Ball 1-1: Ball 2-1: SINGLE (Groundball, 56D, EV 107.5 MPH)
|
|
Batting: RHB Curtis Cannedy
|
0-0: Called Strike 0-1: Ball 1-1: Foul Ball, location: 2F 1-2: Ball 2-2: Ball 3-2: Base on Balls Kenneth Tillman to second
|
|
Batting: RHB Frederic Wade
|
0-0: Ball 1-0: Ball Kenneth Tillman is caught stealing 3rd base 2-5 2-0: Ball 3-0: Called Strike 3-1: Base on Balls Curtis Cannedy to second
|
|
Batting: LHB Eb MacDonald
|
0-0: Called Strike 0-1: Ball 1-1: Ball 2-1: Fielders Choice at 2nd, 4-6 (Groundball, 4, EV 81.9 MPH) Curtis Cannedy to third
|
|
Batting: RHB Felix Estrada
|
0-0: Swinging Strike 0-1: Ball 1-1: Ball 2-1: Ball 3-1: Base on Balls Eb MacDonald to second
|
|
Batting: RHB Ronald Lee
|
0-0: Ball 1-0: Ball 2-0: Swinging Strike 2-1: Foul Ball, location: 2F 2-2: Ball 3-2: Foul Ball, location: 2F 3-2: Base on Balls Curtis Cannedy scores Eb MacDonald to third Felix Estrada to second
|
|
Batting: RHB Russ Quetti
|
0-0: Ball 1-0: Ground out 6-3 (Groundball, 15, EV 84.4 MPH)
|
| Bottom of the 4th over - 1 run, 1 hit, 0 errors, 3 left on base; Kinston 0 - Lynchburg 3 |
| TOP OF THE 5TH |
|
Kinston Eagles batting - Pitching for Lynchburg Hillcats : RHP Dave Szymczak
|
|
Batting: RHB Elias Corona
|
0-0: Ball 1-0: SINGLE (Line Drive, 6MD, EV 98.1 MPH)
|
|
Batting: RHB Juan Perez
|
0-0: Ball 1-0: Fly out, F8 (Flyball, 78D, EV 87.5 MPH)
|
|
Batting: RHB Burt Milley
|
0-0: Swinging Strike 0-1: Foul Ball, location: 2F 0-2: Fly out, F7 (Flyball, 7LM, EV 84.4 MPH)
|
|
Batting: RHB Rodney Hudson
|
0-0: Foul Ball, location: 2F 0-1: Ball 1-1: Ball 2-1: Ball 3-1: Swinging Strike 3-2: Base on Balls Elias Corona to second
|
|
Batting: LHB Randall Curtis
|
0-0: Ball 1-0: Ball 2-0: Ball 3-0: Called Strike 3-1: DOUBLE (Line Drive, 78D, EV 106.3 MPH) Elias Corona scores Rodney Hudson to third Runner from 3rd tries for Home, SAFE, throw by CF to home
|
|
Batting: SHB Ted Wilborn
|
0-0: Ball 1-0: Foul Ball, location: 2F 1-1: Ball 2-1: Ball 3-1: Ground out 6-3 (Groundball, 4M, EV 89.4 MPH)
|
| Top of the 5th over - 2 runs, 2 hits, 0 errors, 1 left on base; Kinston 2 - Lynchburg 3 |
| BOTTOM OF THE 5TH |
|
Lynchburg Hillcats batting - Pitching for Kinston Eagles : RHP Reno Aragon
|
|
Batting: RHB William Lajoie
|
0-0: Ball 1-0: Ball 2-0: SINGLE (Groundball, 6MD, EV 105.0 MPH)
|
|
Batting: RHB Richard Witt
|
0-0: Swinging Strike 0-1: Ball 1-1: Foul Ball, location: 2F 1-2: Fly out, F9 (Flyball, 9LS, EV 76.3 MPH)
|
|
Batting: RHB Kenneth Tillman
|
0-0: Called Strike 0-1: Fielders Choice at 2nd, 4-6 (Groundball, 4M, EV 86.9 MPH)
|
|
Batting: RHB Curtis Cannedy
|
0-0: Ball 1-0: Foul Ball, location: 2F 1-1: Foul Ball, location: 2F 1-2: Foul Ball, location: 2F 1-2: Ball Passed Ball! Kenneth Tillman to second 2-2: Ball 3-2: Base on Balls
|
|
Batting: RHB Frederic Wade
|
0-0: Ball 1-0: Foul Ball, location: 2F 1-1: Foul Ball, location: 2F 1-2: Fly out, F8 (Flyball, 8RD, EV 91.9 MPH)
|
| Bottom of the 5th over - 0 runs, 1 hit, 0 errors, 2 left on base; Kinston 2 - Lynchburg 3 |
| TOP OF THE 6TH |
|
Kinston Eagles batting - Pitching for Lynchburg Hillcats : RHP Dave Szymczak
|
|
Batting: RHB Guadalupe Garcia
|
0-0: Ball 1-0: Swinging Strike 1-1: Ball 2-1: Fly out, F8 (Flyball, 8RD, EV 92.5 MPH)
|
|
Batting: RHB Carlos Ponce
|
0-0: Ball 1-0: Ball 2-0: Ball 3-0: Base on Balls
|
|
Batting: RHB Tony Incaviglia
|
0-0: Swinging Strike 0-1: Called Strike Carlos Ponce steals 2nd base 0-2: SINGLE (Flyball, 89S, EV 95.0 MPH) Carlos Ponce to third Runner from 3rd tries for Home, SAFE, throw by RF to home
|
|
Batting: RHB Elias Corona
|
0-0: SINGLE (Line Drive, 8LS, EV 99.4 MPH) Tony Incaviglia to second
|
|
Batting: RHB Juan Perez
|
0-0: Ball 1-0: Foul Ball, location: 2F 1-1: Fly out, F6 (Popup, 4M, EV 64.4 MPH)
|
|
Batting: RHB Burt Milley
|
0-0: Called Strike 0-1: Reached on error, E8 (Flyball, 8RS, EV 76.3 MPH) Tony Incaviglia scores Elias Corona to third
|
|
Batting: RHB Rodney Hudson
|
0-0: Called Strike 0-1: Ball 1-1: Ball 2-1: Ball Wild Pitch! Elias Corona scores Burt Milley to third 3-1: Fly out, F9 (Flyball, 9D, EV 103.1 MPH)
|
| Top of the 6th over - 3 runs, 2 hits, 1 error, 1 left on base; Kinston 5 - Lynchburg 3 |
| BOTTOM OF THE 6TH |
|
Lynchburg Hillcats batting - Pitching for Kinston Eagles : RHP Reno Aragon
|
|
Batting: LHB Eb MacDonald
|
0-0: Ground out 4-3 (Groundball, 34, EV 83.1 MPH)
|
|
Batting: RHB Felix Estrada
|
0-0: Ball 1-0: Fly out, F9 (Flyball, 89D, EV 83.1 MPH)
|
|
Batting: RHB Ronald Lee
|
0-0: Ball 1-0: Fly out, F7 (Flyball, 78D, EV 96.9 MPH)
|
| Bottom of the 6th over - 0 runs, 0 hits, 0 errors, 0 left on base; Kinston 5 - Lynchburg 3 |
| TOP OF THE 7TH |
|
Kinston Eagles batting - Pitching for Lynchburg Hillcats : RHP Dave Szymczak
|
|
Pitching: LHP Bishwajeet Lopez
|
|
|
Batting: LHB Randall Curtis
|
0-0: Ball 1-0: Ball 2-0: Ball 3-0: Base on Balls
|
|
Pitching: LHP Steve Howe
|
|
|
Batting: SHB Ted Wilborn
|
0-0: Bunt missed! 0-1: Sac Bunt to 3S - play at first, batter OUT! 3-1 Randall Curtis to second
|
|
Batting: RHB Guadalupe Garcia
|
0-0: Called Strike 0-1: Foul Ball, location: 2F 0-2: Ball 1-2: Ball 2-2: Ball 3-2: Strikes out swinging
|
|
Batting: RHB Carlos Ponce
|
0-0: Foul Ball, location: 2F 0-1: Ball 1-1: Called Strike 1-2: Reached on error, E6 (Groundball, 6, EV 90.6 MPH) Randall Curtis to third
|
|
Batting: RHB Tony Incaviglia
|
0-0: Called Strike 0-1: Called Strike 0-2: Ball 1-2: Foul Ball, location: 2F 1-2: Ground out 5-3 (Groundball, 56, EV 106.9 MPH)
|
| Top of the 7th over - 0 runs, 0 hits, 1 error, 2 left on base; Kinston 5 - Lynchburg 3 |
| BOTTOM OF THE 7TH |
|
Lynchburg Hillcats batting - Pitching for Kinston Eagles : RHP Reno Aragon
|
|
Batting: RHB Russ Quetti
|
0-0: Foul Ball, location: 2F 0-1: Ball 1-1: Foul Ball, location: 2F 1-2: Ball 2-2: Ground out 3-1 (Groundball, 34, EV 91.3 MPH)
|
|
Batting: RHB William Lajoie
|
0-0: Ball 1-0: Fly out, F7 (Flyball, 78D, EV 86.9 MPH)
|
|
Batting: RHB Richard Witt
|
0-0: Ground out 5-3 (Groundball, 56, EV 88.1 MPH)
|
| Bottom of the 7th over - 0 runs, 0 hits, 0 errors, 0 left on base; Kinston 5 - Lynchburg 3 |
| TOP OF THE 8TH |
|
Kinston Eagles batting - Pitching for Lynchburg Hillcats : LHP Steve Howe
|
|
Batting: RHB Elias Corona
|
0-0: Ball 1-0: Ball 2-0: Ground out 6-3 (Groundball, 56, EV 85.0 MPH)
|
|
Batting: RHB Juan Perez
|
0-0: Ball 1-0: Called Strike 1-1: SOLO HOME RUN (Flyball, 8LXD, EV 105.6 MPH), Distance : 444 ft
|
|
Batting: RHB Burt Milley
|
0-0: Swinging Strike 0-1: Ball 1-1: Swinging Strike 1-2: Ball 2-2: Ground out 4-3 (Groundball, 34, EV 105.0 MPH)
|
|
Batting: RHB Rodney Hudson
|
0-0: Ball 1-0: Foul Ball, location: 2F 1-1: Ball 2-1: Ball 3-1: Base on Balls
|
|
Batting: LHB Randall Curtis
|
0-0: Ball 1-0: DOUBLE (Groundball, 3D, EV 103.1 MPH) Rodney Hudson to third
|
|
Batting: SHB Ted Wilborn
|
0-0: Foul Ball, location: 2F 0-1: Foul Ball, location: 2F 0-2: Ball 1-2: Ball 2-2: Ball 3-2: SINGLE (Groundball, 56D, EV 110.0 MPH) Rodney Hudson scores Randall Curtis to third Randall Curtis scores
|
|
Batting: RHB Guadalupe Garcia
|
0-0: Ball 1-0: Called Strike 1-1: Called Strike 1-2: Ball 2-2: Ground out 4-3 (Groundball, 34, EV 88.1 MPH)
|
| Top of the 8th over - 3 runs, 3 hits, 0 errors, 1 left on base; Kinston 8 - Lynchburg 3 |
| BOTTOM OF THE 8TH |
|
Lynchburg Hillcats batting - Pitching for Kinston Eagles : RHP Reno Aragon
|
|
Batting: RHB Kenneth Tillman
|
0-0: Called Strike 0-1: Ball 1-1: Swinging Strike 1-2: Strikes out swinging
|
|
Batting: RHB Curtis Cannedy
|
0-0: Foul Ball, location: 2F 0-1: Ball 1-1: Ball 2-1: Swinging Strike 2-2: Ground out 5-3 (Groundball, 56S, EV 83.1 MPH)
|
|
Batting: RHB Frederic Wade
|
0-0: Ball 1-0: Called Strike 1-1: SINGLE (Groundball, 6MD, EV 93.8 MPH)
|
|
Batting: LHB Eb MacDonald
|
0-0: SINGLE (Line Drive, 3, EV 67.5 MPH) (infield hit) Frederic Wade to second
|
|
Batting: RHB Felix Estrada
|
0-0: Swinging Strike 0-1: Fielders Choice at 2nd, 6-4 (Groundball, 4M, EV 107.5 MPH)
|
| Bottom of the 8th over - 0 runs, 2 hits, 0 errors, 2 left on base; Kinston 8 - Lynchburg 3 |
| TOP OF THE 9TH |
|
Kinston Eagles batting - Pitching for Lynchburg Hillcats : LHP Steve Howe
|
|
Batting: RHB Carlos Ponce
|
0-0: Ball 1-0: Ball 2-0: SINGLE (Groundball, 4MD, EV 102.5 MPH)
|
|
Pitching: RHP Mike Alvarez
|
|
|
Batting: RHB Tony Incaviglia
|
0-0: Ball 1-0: SINGLE (Groundball, 25, EV 68.1 MPH) (infield hit) Carlos Ponce to second
|
|
Batting: RHB Elias Corona
|
0-0: Called Strike 0-1: 3-RUN HOME RUN (Flyball, 78XD, EV 103.1 MPH), Distance : 420 ft
|
|
Pinch Hitting: RHB Jose Valdez
|
0-0: Ball 1-0: Ball 2-0: Foul Ball, location: 2F 2-1: Ball 3-1: SINGLE (Line Drive, 9S, EV 102.5 MPH)
|
|
Batting: RHB Burt Milley
|
0-0: Called Strike 0-1: Fly out, F7 (Flyball, 7S, EV 81.9 MPH)
|
|
Batting: RHB Rodney Hudson
|
0-0: Foul Ball, location: 2F 0-1: Foul Ball, location: 2F 0-2: Fly out, F3 (Popup, 3SF, EV 83.8 MPH)
|
|
Batting: LHB Randall Curtis
|
0-0: Ball 1-0: Foul Ball, location: 2F 1-1: Ball Wild Pitch! Jose Valdez to second 2-1: Ball 3-1: Fly out, F9 (Flyball, 9D, EV 93.8 MPH)
|
| Top of the 9th over - 3 runs, 4 hits, 0 errors, 1 left on base; Kinston 11 - Lynchburg 3 |
| BOTTOM OF THE 9TH |
|
Lynchburg Hillcats batting - Pitching for Kinston Eagles : RHP Reno Aragon
|
|
Now in LF: Gregory Burtt
|
|
|
Batting: RHB Ronald Lee
|
0-0: Foul Ball, location: 2F 0-1: Called Strike 0-2: Reached on error, E6 (Groundball, 6, EV 108.8 MPH)
|
|
Batting: RHB Russ Quetti
|
0-0: Ball 1-0: Called Strike 1-1: Ball 2-1: Fly out, F8 (Flyball, 89D, EV 89.4 MPH) Runner from 2nd tags up, SAFE at 3rd, no throw by CF
|
|
Batting: RHB William Lajoie
|
0-0: Called Strike 0-1: Ball 1-1: Foul Ball, location: 2F 1-2: Ground out 4-3 (Groundball, 4, EV 85.0 MPH) Ronald Lee scores
|
|
Batting: RHB Richard Witt
|
0-0: Ball 1-0: Ball 2-0: Fly out, F8 (Flyball, 78D, EV 89.4 MPH)
|
| Bottom of the 9th over - 1 run, 0 hits, 1 error, 0 left on base; Kinston 11 - Lynchburg 4 |
|